 Dungeon Sprint DCSS version 0.20-a0-833-gc632bec (webtiles) character file.

23000000 esc the Conqueror (level 27, -115/266 HPs)
             Began as a Demonspawn Warper on Mar 7, 2017.
             Was the Champion of Makhleb.
             Annihilated by a fleshlord
             ... wielding a +9 great mace
              (197 damage)
             ... in the Dungeon (Sprint VIII: "Arena of Blood").
             The game lasted 00:08:30 (230 turns).

esc the Conqueror (Demonspawn Warper)                Turns: 230, Time: 00:08:31

Health: -115/266   AC:  9    Str: 12    XL:     27
Magic:  54/54      EV: 35    Int: 17    God:    Makhleb [******]
Gold:   0          SH:  0    Dex: 23    Spells: 78/80 levels left

rFire    + + .     SeeInvis +   l - +∞ Axe of Woe
rCold    . . .     Gourm    .   b - +0 leather armour
rNeg     + . .     Faith    .   (shield currently unavailable)
rPois    .         Spirit   .   (helmet unavailable)
rElec    .         Reflect  .   (no cloak)
rCorr    .         Harm     .   (no gloves)
MR       ++...     NoTele   +   (no boots)
Stlth    +++++.....             (no amulet)
Regen    0.6/turn               n - ring of protection from fire {rF+, !d}
MPRegen  0.4/turn               m - ring of see invisible {sInv, !d}

@: lethally poisoned (-115 -> -143), very slightly contaminated, slowed, very
slow
A: horns 3, rugged brown scales 3, fire resistance 1, ignite blood, negative
energy resistance 1, nightstalker 3, 50% torment resistance, black mark, flame
cloud immunity
0: Orb of Zot
a: Minor Destruction, Lesser Servant of Makhleb, Major Destruction, Greater
Servant of Makhleb, Renounce Religion


You were in the Dungeon.
You worshipped Makhleb.
Makhleb was exalted by your worship.
You were not hungry.

You visited 1 branch

Inventory:

Hand Weapons
 a - a +0 hand axe
 l - the +∞ Axe of Woe (weapon)
   (You found it in the Dungeon)
Missiles
 e - 5 tomahawks of dispersal {=f}
Armour
 b - a +0 leather armour (worn)
Jewellery
 m - a ring of see invisible (left hand) {sInv, !d}
   (You found it in the Dungeon)
 n - a ring of protection from fire (right hand) {rF+, !d}
   (You found it in the Dungeon)
Scrolls
 d - 2 scrolls of blinking {!r}
Potions
 j - 2 potions of magic
 k - a potion of berserk rage {!q}
Books
 c - a book of Spatial Translocations
Comestibles
 f - a bread ration {@e1}


   Skills:
 O Level 27 Fighting
 O Level 27 Axes
 O Level 27 Throwing
 O Level 27 Armour
 O Level 27 Dodging
 O Level 27 Stealth
 O Level 27 Unarmed Combat
 O Level 27 Spellcasting
 O Level 27 Translocations
 O Level 27 Invocations


You had 78 spell levels left.
You knew the following spells:

 Your Spells              Type           Power        Failure   Level  Hunger
b - Blink                 Tloc           N/A          0%          2    None


Dungeon Overview and Level Annotations

Branches:
Dungeon (1/1)

Altars:
Makhleb


Innate Abilities, Weirdness & Mutations

You have a pair of large horns on your head.
You are completely covered in rugged brown scales. (AC +3, +7% HP)
Your flesh is heat resistant. (rF+)
Your demonic aura causes spilled blood to erupt in flames.
You resist negative energy. (rN+)
You are completely attuned to the shadows.
You are somewhat able to resist unholy torments (1 in 2 success).
Your melee attacks may debilitate your foes.
You are immune to clouds of flame.


Message History

You regained 34 hp, and now have 156/266 hp.
An ogre and a hell knight come into view.
You feel extremely sick.
You hear a shout! x3
The dread completely misses you.
You hear a shout! x6
The destroyer blinks!
You hear a shout! x3
The dread misses you.
You hear a shout!
An orc and a vampire knight come into view.
The destroyer is wielding a +9 great sword of slicing.
You take 6 damage, and have 150/266 hp.
The bag of meat shouts!
The fleshlord shouts!
You hit the dread but do no damage.
You butcher the dread messily.
You destroy the dread!
Makhleb accepts your kill.
You feel better.
You hit the destroyer.
You cleave the destroyer in twain.
You destroy the destroyer!
Makhleb accepts your kill.
You feel better.
You feel very sick.
You hear a shout! x2
The fleshlord points at you and mumbles some strange words.
You feel as though you will be slow longer.
The wretched soul is engulfed in blazing flames.
You hear a shout! x2
The meat berserker hits you with a +9 battleaxe!!
You hear a shout!
The destroyer blinks!
You hear a shout!
You hear an angry hiss.
You hear a shout!
You hear an angry hiss.
You regained 64 hp, and now have 214/266 hp.
Here: a wretched soul (slightly transparent)
The floor, spattered with blood. 2 hydras come into view.
You feel very sick.
You hear a shout! x4
The wretched soul breathes negative energy at you.
The bolt of negative energy hits the wretched soul.
The wretched soul completely resists.
The bolt of negative energy hits you! You partially resist.
You feel drained.
The fleshlord mumbles some strange words.
The fleshlord seems to speed up.
The meat berserker rages.
You hear a shout!
The wretched soul hits you.
The destroyer blinks!
You hear a shout! x2
The wretched soul appears confused.
The fleshlord gestures at you while chanting.
You barely resist.
You hear a shout!
The meat berserker is engulfed in blazing flames.
The meat berserker hits you with a +9 battleaxe!!!
You hear an angry hiss.
The eight-headed meat hydra roars! x2
You hear a shout!
You hear a screech!
You hear a shout!
You hear an angry hiss.
Unknown command.
You take 108 damage, and have 106/266 hp.
MASSIVE DAMAGE!!
You slash the bag of meat!
You pulverise the bag of meat into a thin bloody mist.
You kill the bag of meat!
Makhleb accepts your kill.
You feel better.
Your life force feels restored.
You catch the helpless wretched soul completely off-guard!
You chop the wretched soul into pieces!!!
You cleave the wretched soul in twain.
You destroy the wretched soul!
Makhleb accepts your kill.
You feel better.
You slash the wretched soul!
You pulverise the wretched soul into a thin bloody mist.
You destroy the wretched soul!
Makhleb accepts your kill.
You feel better.
You slice the meat berserker!!
You butcher the meat berserker messily.
You kill the meat berserker!
Makhleb accepts your kill.
You feel very sick.
You hear a shout! x3
You barely resist.
You hear a shout! x2
The destroyer blinks!
The eight-headed meat hydra calls on the powers of darkness!
The eight-headed meat hydra convulses!
The bag of meat convulses!
The fleshlord convulses! x2
Your body is wracked with pain!
You hear a shout!
The observer appears out of thin air!
An observer comes into view.
You hear a shout! x4
The eight-headed meat hydra calls on the powers of darkness!
The eight-headed meat hydra convulses!
The observer convulses!
The observer turns its gaze towards you.
Your body is wracked with pain!
The fleshlord convulses! x2; You barely resist.
The fleshlord hits you with a +9 great mace!!!!!
Ouch! That really hurt!
You die...

.....#.)...#...)...#.#..)
.....#_.<._#......).....)
.... #.....#......#)#.#).
........_....o....)...).)
.......###........)#)#.#.
.###G.§.D..###......)%..
#..§....#.9..........
#§.§§V..#...)........
...p@..9...)..W......
o..p§§))))))#)..#....
D..§.§§))).#§...#..
W....§)))##)....#
........#)†)...#.
.......#).)###.
............ ............
..####...


You could see 2 eight-headed meat hydras, a destroyer, an observer (invisible),
2 fleshlords, a dread (wandering), a vile and a bag of meat.

Vanquished Creatures
  A molten gargoyle (D)
  Dispater (D)
  15 hell knights (D)
  Sigmund (D)
  12 hell beasts (D)
  4 greater mummies (D)
  10 great orbs of eyes (D)
  11 wraiths (D)
  Harold (D)
  19 vampire knights (D)
  34 ogres (D)
  6 two-headed ogres (D)
  7 liches (D)
  14 hydras (D)
  104 orcs (D)
  14 phantoms (D)
  11 skeletal warriors (D)
  11 sea snakes (D)
  A large abomination (D)
  6 small abominations (D)
  A neqoxec (D)
  11 crawling corpses (D)
295 creatures vanquished.

Vanquished Creatures (others)
  A ball lightning (D)
  2 crawling corpses (D)
3 creatures vanquished.

Grand Total: 298 creatures vanquished

Notes
Turn   | Place    | Note
-------+----------+-------------------------------------------
     0 | D        | esc the Demonspawn Warper began the quest for the Orb.
     0 | D        | Reached XP level 1. HP: 16/16 MP: 3/3
     3 | D        | Noticed a meat berserker
     3 | D        | Killed a meat berserker
     3 | D        | Reached skill level 16 in Fighting
     3 | D        | Reached skill level 15 in Axes
     3 | D        | Reached skill level 15 in Armour
     3 | D        | Reached skill level 15 in Dodging
     3 | D        | Gained mutation: You have a pair of small horns on your head. [demonic ancestry]
     3 | D        | Reached XP level 2. HP: 46/46 MP: 5/5
     3 | D        | Gained mutation: Your flesh is heat resistant. (rF+) [demonic ancestry]
     3 | D        | Reached XP level 3. HP: 52/52 MP: 6/6
     3 | D        | Gained mutation: You have a pair of horns on your head. [demonic ancestry]
     3 | D        | Reached XP level 4. HP: 59/59 MP: 7/7
     3 | D        | Gained mutation: You are partially covered in rugged brown scales. (AC +1, +3% HP) [demonic ancestry]
     3 | D        | Reached XP level 5. HP: 59/67 MP: 8/8
     3 | D        | Gained mutation: You are immune to clouds of flame. [demonic ancestry]
     3 | D        | Reached XP level 6. HP: 66/75 MP: 9/9
     3 | D        | Reached XP level 7. HP: 71/81 MP: 10/10
     3 | D        | Gained mutation: You are slightly more attuned to the shadows. [demonic ancestry]
     3 | D        | Reached XP level 8. HP: 77/88 MP: 11/11
     3 | D        | Gained mutation: You have a pair of large horns on your head. [demonic ancestry]
     3 | D        | Reached XP level 9. HP: 82/94 MP: 12/12
     3 | D        | Gained mutation: You are mostly covered in rugged brown scales. (AC +2, +5% HP) [demonic ancestry]
     3 | D        | Reached XP level 10. HP: 82/105 MP: 13/13
     3 | D        | Reached XP level 11. HP: 87/111 MP: 14/14
     3 | D        | Reached XP level 12. HP: 93/118 MP: 15/15
     3 | D        | Gained mutation: You are completely covered in rugged brown scales. (AC +3, +7% HP) [demonic ancestry]
     3 | D        | Reached XP level 13. HP: 93/127 MP: 16/16
     5 | D        | Became a worshipper of Makhleb the Destroyer
     7 | D        | Noticed a bag of meat
     8 | D        | Noticed a bag of meat
     8 | D        | Noticed a meat berserker
     9 | D        | Noticed a bag of meat
    11 | D        | Noticed a meat berserker
    12 | D        | Noticed a bag of meat
    12 | D        | Noticed a meat berserker
    12 | D        | Learned a level 2 spell: Blink
    13 | D        | Noticed a bag of meat
    13 | D        | Noticed a bag of meat
    13 | D        | Killed a meat berserker
    13 | D        | Reached skill level 19 in Fighting
    13 | D        | Reached skill level 18 in Axes
    13 | D        | Reached skill level 18 in Armour
    13 | D        | Reached skill level 18 in Dodging
    13 | D        | Gained mutation: You are significantly more attuned to the shadows. [demonic ancestry]
    13 | D        | Reached XP level 14. HP: 108/142 MP: 17/17
    14 | D        | Noticed a bag of meat
    15 | D        | Noticed a bag of meat
    15 | D        | Noticed a meat berserker
    15 | D        | Killed a meat berserker
    15 | D        | Reached * piety under Makhleb
    15 | D        | Reached skill level 21 in Fighting
    15 | D        | Reached skill level 19 in Axes
    15 | D        | Reached skill level 19 in Armour
    15 | D        | Reached skill level 19 in Dodging
    15 | D        | Gained mutation: You resist negative energy. (rN+) [demonic ancestry]
    15 | D        | Reached XP level 15. HP: 154/154 MP: 18/18
    16 | D        | Killed a meat berserker
    16 | D        | Reached skill level 22 in Fighting
    16 | D        | Reached skill level 21 in Axes
    16 | D        | Reached skill level 21 in Armour
    16 | D        | Reached skill level 21 in Dodging
    16 | D        | Reached skill level 23 in Fighting
    16 | D        | Reached skill level 22 in Axes
    16 | D        | Reached skill level 22 in Dodging
    16 | D        | Reached XP level 16. HP: 99/167 MP: 19/19
    17 | D        | Reached ** piety under Makhleb
    17 | D        | Reached skill level 24 in Fighting
    17 | D        | Reached skill level 22 in Armour
    17 | D        | Reached skill level 23 in Axes
    17 | D        | Reached skill level 23 in Armour
    17 | D        | Reached skill level 23 in Dodging
    17 | D        | Reached skill level 25 in Fighting
    17 | D        | Reached XP level 17. HP: 180/180 MP: 20/20
    17 | D        | Killed a meat berserker
    17 | D        | Reached *** piety under Makhleb
    17 | D        | Reached skill level 26 in Fighting
    17 | D        | Reached skill level 25 in Axes
    17 | D        | Reached skill level 24 in Armour
    17 | D        | Reached skill level 25 in Dodging
    19 | D        | Noticed a meat berserker
    19 | D        | Reached skill level 27 in Fighting
    19 | D        | Reached skill level 25 in Armour
    19 | D        | Reached skill level 26 in Axes
    19 | D        | Reached skill level 26 in Armour
    19 | D        | Reached skill level 26 in Dodging
    19 | D        | Reached XP level 18. HP: 194/194 MP: 21/21
    20 | D        | Reached skill level 27 in Axes
    20 | D        | Reached **** piety under Makhleb
    20 | D        | Reached skill level 27 in Armour
    20 | D        | Reached skill level 27 in Dodging
    20 | D        | Reached skill level 5 in Throwing
    20 | D        | Reached skill level 5 in Stealth
    20 | D        | Reached skill level 5 in Unarmed Combat
    20 | D        | Reached skill level 5 in Spellcasting
    20 | D        | Reached skill level 6 in Translocations
    20 | D        | Reached skill level 7 in Invocations
    22 | D        | Noticed a meat berserker
    23 | D        | Noticed a meat berserker
    23 | D        | Reached skill level 8 in Throwing
    23 | D        | Reached skill level 8 in Stealth
    23 | D        | Reached skill level 7 in Unarmed Combat
    23 | D        | Reached skill level 8 in Spellcasting
    23 | D        | Reached skill level 8 in Translocations
    23 | D        | Reached skill level 11 in Invocations
    23 | D        | Reached skill level 9 in Throwing
    23 | D        | Reached skill level 10 in Stealth
    23 | D        | Reached skill level 9 in Unarmed Combat
    23 | D        | Reached skill level 10 in Spellcasting
    23 | D        | Reached skill level 10 in Translocations
    23 | D        | Reached skill level 13 in Invocations
    23 | D        | Reached XP level 19. HP: 64/202 MP: 21/33
    23 | D        | Reached ***** piety under Makhleb
    23 | D        | Reached skill level 11 in Throwing
    23 | D        | Reached skill level 12 in Stealth
    23 | D        | Reached skill level 11 in Unarmed Combat
    23 | D        | Reached skill level 11 in Spellcasting
    23 | D        | Reached skill level 11 in Translocations
    23 | D        | Reached skill level 15 in Invocations
    23 | D        | Reached skill level 12 in Throwing
    23 | D        | Reached skill level 13 in Stealth
    23 | D        | Reached skill level 12 in Unarmed Combat
    23 | D        | Reached skill level 12 in Spellcasting
    23 | D        | Reached skill level 12 in Translocations
    23 | D        | Reached skill level 16 in Invocations
    23 | D        | Killed a meat berserker
    23 | D        | Reached skill level 14 in Throwing
    23 | D        | Reached skill level 15 in Stealth
    23 | D        | Reached skill level 14 in Unarmed Combat
    23 | D        | Reached skill level 14 in Spellcasting
    23 | D        | Reached skill level 14 in Translocations
    23 | D        | Reached skill level 19 in Invocations
    23 | D        | Reached skill level 15 in Throwing
    23 | D        | Reached skill level 16 in Stealth
    23 | D        | Reached skill level 15 in Unarmed Combat
    23 | D        | Reached skill level 15 in Spellcasting
    23 | D        | Reached skill level 15 in Translocations
    23 | D        | Reached skill level 20 in Invocations
    23 | D        | Reached skill level 17 in Stealth
    23 | D        | Reached skill level 16 in Spellcasting
    23 | D        | Reached skill level 16 in Translocations
    23 | D        | Reached skill level 21 in Invocations
    23 | D        | Reached XP level 20. HP: 210/210 MP: 21/40
    23 | D        | Reached skill level 16 in Throwing
    23 | D        | Reached skill level 16 in Unarmed Combat
    23 | D        | Reached skill level 22 in Invocations
    26 | D        | Reached skill level 17 in Throwing
    26 | D        | Reached skill level 18 in Stealth
    26 | D        | Reached skill level 17 in Unarmed Combat
    26 | D        | Reached skill level 17 in Spellcasting
    26 | D        | Reached skill level 17 in Translocations
    26 | D        | Reached skill level 19 in Stealth
    26 | D        | Reached skill level 18 in Spellcasting
    26 | D        | Reached skill level 18 in Translocations
    26 | D        | Reached skill level 23 in Invocations
    26 | D        | Reached ****** piety under Makhleb
    26 | D        | Reached skill level 18 in Throwing
    26 | D        | Reached skill level 18 in Unarmed Combat
    26 | D        | Reached skill level 24 in Invocations
    26 | D        | Killed a meat berserker
    26 | D        | Reached skill level 19 in Throwing
    26 | D        | Reached skill level 21 in Stealth
    26 | D        | Reached skill level 19 in Unarmed Combat
    26 | D        | Reached skill level 19 in Spellcasting
    26 | D        | Reached skill level 19 in Translocations
    26 | D        | Reached skill level 25 in Invocations
    26 | D        | Reached XP level 21. HP: 218/218 MP: 22/44
    26 | D        | Reached skill level 20 in Throwing
    26 | D        | Reached skill level 20 in Unarmed Combat
    26 | D        | Reached skill level 20 in Spellcasting
    26 | D        | Reached skill level 20 in Translocations
    26 | D        | Reached skill level 26 in Invocations
    28 | D        | Reached skill level 22 in Stealth
    28 | D        | Reached skill level 27 in Invocations
    28 | D        | Reached skill level 21 in Throwing
    28 | D        | Reached skill level 21 in Unarmed Combat
    28 | D        | Reached skill level 21 in Spellcasting
    28 | D        | Reached skill level 21 in Translocations
    28 | D        | Reached skill level 23 in Stealth
    30 | D        | Reached skill level 22 in Throwing
    30 | D        | Reached skill level 24 in Stealth
    30 | D        | Reached skill level 22 in Unarmed Combat
    30 | D        | Reached skill level 23 in Spellcasting
    30 | D        | Reached skill level 23 in Translocations
    30 | D        | Gained mutation: You are completely attuned to the shadows. [demonic ancestry]
    30 | D        | Reached XP level 22. HP: 226/226 MP: 23/49
    30 | D        | Reached skill level 23 in Throwing
    30 | D        | Reached skill level 25 in Stealth
    30 | D        | Reached skill level 23 in Unarmed Combat
    32 | D        | Noticed a large bag of meat
    40 | D        | Reached skill level 24 in Throwing
    40 | D        | Reached skill level 26 in Stealth
    40 | D        | Reached skill level 24 in Unarmed Combat
    40 | D        | Reached skill level 24 in Spellcasting
    40 | D        | Reached skill level 24 in Translocations
    44 | D        | Noticed a destroyer
    45 | D        | Noticed a destroyer
    45 | D        | Reached skill level 25 in Throwing
    45 | D        | Reached skill level 27 in Stealth
    45 | D        | Reached skill level 25 in Unarmed Combat
    45 | D        | Reached skill level 25 in Spellcasting
    45 | D        | Reached skill level 25 in Translocations
    45 | D        | Reached skill level 26 in Throwing
    45 | D        | Reached skill level 26 in Unarmed Combat
    45 | D        | Reached skill level 26 in Spellcasting
    45 | D        | Reached skill level 26 in Translocations
    45 | D        | Gained mutation: You are somewhat able to resist unholy torments (1 in 2 success). [demonic ancestry]
    45 | D        | Reached XP level 23. HP: 234/234 MP: 27/53
    47 | D        | Reached skill level 27 in Throwing
    47 | D        | Reached skill level 27 in Unarmed Combat
    47 | D        | Reached skill level 27 in Spellcasting
    47 | D        | Reached skill level 27 in Translocations
    48 | D        | Noticed a destroyer
    48 | D        | Noticed a tyrant
    49 | D        | Killed a destroyer
    49 | D        | Reached XP level 24. HP: 242/242 MP: 28/54
    52 | D        | Killed a destroyer
    53 | D        | Gained mutation: Your demonic aura causes spilled blood to erupt in flames. [demonic ancestry]
    53 | D        | Reached XP level 25. HP: 250/250 MP: 29/54
    54 | D        | Noticed an accursed
    54 | D        | Noticed a large bag of meat
    55 | D        | Killed an accursed
    55 | D        | Killed a tyrant
    55 | D        | Gained mutation: Your melee attacks may debilitate your foes. [demonic ancestry]
    55 | D        | Reached XP level 26. HP: 258/258 MP: 30/54
    55 | D        | Killed a destroyer
    58 | D        | Killed a large bag of meat
    58 | D        | Reached XP level 27. HP: 245/266 MP: 31/54
    59 | D        | Noticed a destroyer
    61 | D        | Noticed a meat beast
    63 | D        | Noticed a destroyer
    63 | D        | Killed a meat beast
    63 | D        | Killed a destroyer
    64 | D        | Noticed a destroyer
    67 | D        | Killed a large bag of meat
    70 | D        | Killed a destroyer
    72 | D        | Noticed a tyrant
    73 | D        | Noticed an accursed
    74 | D        | Noticed a large bag of meat
    75 | D        | Noticed a destroyer
    76 | D        | Killed a tyrant
    77 | D        | Noticed a tyrant
    78 | D        | Killed a large bag of meat
    78 | D        | Killed a destroyer
    84 | D        | Killed a tyrant
    84 | D        | Killed a destroyer
    88 | D        | Noticed a tyrant
    88 | D        | Killed an accursed
    89 | D        | Noticed a dread
    90 | D        | Noticed a destroyer
    91 | D        | Noticed a destroyer
    92 | D        | Killed a destroyer
    93 | D        | Noticed a meat beast
    93 | D        | Noticed a tyrant
    94 | D        | Killed a destroyer
    94 | D        | Killed a dread
    95 | D        | Noticed an accursed
    96 | D        | Killed a meat beast
    97 | D        | Killed a tyrant
    99 | D        | Noticed The Captor
    99 | D        | Killed a tyrant
   101 | D        | Noticed a tyrant
   104 | D        | Noticed a large bag of meat
   106 | D        | Killed The Captor
   106 | D        | Killed an accursed
   107 | D        | Killed a tyrant
   108 | D        | Noticed a large bag of meat
   110 | D        | Killed a large bag of meat
   112 | D        | Noticed a large bag of meat
   112 | D        | Killed a large bag of meat
   116 | D        | Killed a large bag of meat
   117 | D        | Noticed a dread
   117 | D        | Noticed an accursed
   117 | D        | HP: 62/266 [??? (48)]
   118 | D        | Noticed a destroyer
   122 | D        | Killed a dread
   123 | D        | HP: 55/266 [scourge/bolt of poison (80)]
   124 | D        | Killed a destroyer
   124 | D        | Killed an accursed
   129 | D        | Noticed a fleshlord
   131 | D        | Noticed a fleshlord
   131 | D        | Noticed a fleshlord
   132 | D        | Noticed a fleshlord
   133 | D        | Noticed a meat beast
   134 | D        | Noticed a fleshlord
   134 | D        | Noticed a fleshlord
   134 | D        | Killed a fleshlord
   135 | D        | Killed a fleshlord
   136 | D        | HP: 12/266 [fleshlord/+9 great mace (252)]
   137 | D        | Killed a fleshlord
   137 | D        | Killed a fleshlord
   138 | D        | Noticed a meat beast
   138 | D        | Killed a fleshlord
   139 | D        | Killed a fleshlord
   139 | D        | Killed a meat beast
   140 | D        | Killed a meat beast
   142 | D        | Noticed a destroyer
   145 | D        | Noticed a fleshlord
   150 | D        | Killed a fleshlord
   153 | D        | Killed a destroyer
   155 | D        | Noticed a meat beast
   156 | D        | Noticed a meat beast
   156 | D        | Killed a meat beast
   158 | D        | Killed a meat beast
   159 | D        | Noticed a dread
   161 | D        | Noticed a meat beast
   164 | D        | Noticed a dread
   166 | D        | Noticed a meat beast
   167 | D        | Noticed a dread
   167 | D        | Killed a dread
   168 | D        | Noticed a dread
   168 | D        | Noticed a fleshlord
   170 | D        | Killed a dread
   171 | D        | Noticed a destroyer
   171 | D        | Noticed a destroyer
   172 | D        | Killed a fleshlord
   174 | D        | Noticed a meat beast
   174 | D        | Killed a destroyer
   174 | D        | Killed a meat beast
   176 | D        | Noticed a destroyer
   176 | D        | Killed a meat beast
   176 | D        | Killed a dread
   177 | D        | Noticed a destroyer
   178 | D        | Killed a destroyer
   179 | D        | Noticed The Meatlord
   180 | D        | Killed a destroyer
   181 | D        | Noticed a dread
   182 | D        | Noticed a destroyer
   182 | D        | Noticed a tyrant
   182 | D        | Killed a destroyer
   184 | D        | Noticed a dread
   184 | D        | Noticed a fleshlord
   187 | D        | Noticed a fleshlord
   187 | D        | Killed a destroyer
   187 | D        | Killed a dread
   188 | D        | Noticed a fleshlord
   188 | D        | Killed a tyrant
   189 | D        | Killed The Meatlord
   189 | D        | Killed a fleshlord
   190 | D        | Got the Orb of Zot
   190 | D        | HP: 1/266 [fleshlord/+9 great mace (265)]
   191 | D        | Killed a fleshlord
   192 | D        | Noticed a meat beast
   192 | D        | Killed a fleshlord
   192 | D        | Killed a meat beast
   193 | D        | Noticed a meat beast
   193 | D        | Killed a meat beast
   196 | D        | Noticed a destroyer
   198 | D        | Noticed a dread
   199 | D        | Noticed a fleshlord
   199 | D        | Noticed a meat beast
   199 | D        | Noticed a dread
   200 | D        | Killed a meat beast
   200 | D        | Killed a dread
   201 | D        | Noticed The Servant
   201 | D        | Killed a fleshlord
   204 | D        | Killed a destroyer
   205 | D        | Noticed a destroyer
   206 | D        | Noticed a dread
   206 | D        | Noticed a fleshlord
   206 | D        | Killed The Servant
   207 | D        | Noticed a fleshlord
   207 | D        | Killed a destroyer
   208 | D        | Killed a dread
   210 | D        | Noticed a vile
   210 | D        | Killed a fleshlord
   210 | D        | Killed a dread
   211 | D        | Killed a dread
   211 | D        | Killed a fleshlord
   213 | D        | Killed a vile
   215 | D        | HP: 66/266 [observer/divine providence (12)]
   217 | D        | Noticed a meat beast
   217 | D        | Noticed a fleshlord
   218 | D        | Killed a meat beast
   220 | D        | Noticed a destroyer
   220 | D        | Killed a fleshlord
   225 | D        | Noticed a fleshlord
   225 | D        | Noticed a dread
   227 | D        | Noticed a fleshlord
   227 | D        | Noticed a vile
   227 | D        | Noticed a fleshlord
   228 | D        | Noticed a destroyer
   228 | D        | Killed a dread
   228 | D        | Killed a destroyer
   230 | D        | Annihilated by a fleshlord

Vault maps used:
D:        meatsprint

Skill      XL: |  1  2  3  4  5  6  7  8  9 10 11 12 13 14 15 16 17 18 19 20 21 22 23 |
---------------+----------------------------------------------------------------------+-----
Fighting       | 16 19 21 23 25 27 | 27.0
Axes           | 15 18 19 22 23 26 27 | 27.0
Armour         | 15 18 19 21 23 26 27 | 27.0
Dodging        | 15 18 19 22 23 26 27 | 27.0
Throwing       | 9 15 19 22 26 27 | 27.0
Stealth        | 10 17 21 24 27 | 27.0
Unarmed Combat | 9 15 19 22 26 27 | 27.0
Spellcasting   | 10 16 19 23 26 27 | 27.0
Translocations | 10 16 19 23 26 27 | 27.0
Invocations    | 13 21 25 27 | 27.0

Action                   |  1- 3 |  4- 6 |  7- 9 | 10-12 | 13-15 | 16-18 | 19-21 | 22-24 | 25-27 || total
-------------------------+-------+-------+-------+-------+-------+-------+-------+-------+-------++-------
Melee: Executioner's axe |     1 |       |       |       |     3 |     4 |     3 |     7 |   105 ||   123
  Use: Potion            |       |       |       |       |       |       |       |       |     3 ||     3
 Stab: Distracted        |       |       |       |       |       |       |       |       |     1 ||     1
       Confused          |       |       |       |       |       |       |       |       |     1 ||     1
Armor: Leather armour    |       |       |       |       |       |       |       |     1 |     9 ||    10
Dodge: Dodged            |       |       |       |       |       |     2 |       |       |    47 ||    49

Vault maps used:
D:        meatsprint

Table legend:
 A = Turns spent in this place as a percentage of turns spent in the entire game.
 B = Non-inter-level travel turns spent in this place as a percentage of non-inter-level travel turns spent in the entire game.
 C = Inter-level travel turns spent in this place as a percentage of turns spent in this place.
 D = Turns resting spent in this place as a percentage of non-inter-level travel turns spent in this place.
 E = Turns spent auto-exploring this place as a percentage of non-inter-level travel turns spent in this place.
 F = Non-inter-level travel turns spent in this place divided by the number of levels of this place that you've seen.
                   A       B       C       D       E      F
               +-------+-------+-------+-------+-------+----------------------
         Total | 100.0 | 100.0 |   0.0 |   0.0 |   0.0 | 413.0
       Dungeon | 100.0 | 100.0 |   0.0 |   0.0 |   0.0 | 413.0
               +-------+-------+-------+-------+-------+----------------------

Table legend:
 A = Kills in this place as a percentage of kills in entire the game.
 B = Kills by you in this place as a percentage of kills by you in the entire game.
 C = Kills by friends in this place as a percentage of kills by friends in the entire game.
 D = Other kills in this place as a percentage of other kills in the entire game.
 E = Experience gained in this place as a percentage of experience gained in the entire game.
 F = Experience gained in this place divided by the number of levels of this place that you have seen.
                   A       B       C       D       E      F
               +-------+-------+-------+-------+-------+----------------------
         Total | 100.0 | 100.0 |  -nan |  -nan | 100.0 | 8999999.0
       Dungeon | 100.0 | 100.0 |  -nan |  -nan | 100.0 | 8999999.0
               +-------+-------+-------+-------+-------+----------------------
